 Dungeon Crawl Stone Soup version 0.27.0-1-g7a089689b8 (webtiles) character file.

Game seed: 6780844141004471944

823 Lochraine the Skirmisher (level 7, -5/56 HPs)
             Began as a Mummy Monk on Aug 12, 2021.
             Slain by a hound (6 damage)
             ... on level 5 of the Dungeon.
             The game lasted 00:11:56 (5270 turns).

Lochraine the Skirmisher (Mummy Monk)               Turns: 5270, Time: 00:11:57

Health: -5/56      AC: -1    Str: 17    XL:     7   Next: 64%
Magic:  7/7        EV: 11    Int:  9    God:
Gold:   69         SH:  5    Dex: 14    Spells: 6/6 levels left

rFire    x . .     SeeInvis .   b - +2 short sword (elec)
rCold    + . .     Faith    .   (no shield)
rNeg     + + +     Spirit   .   o - +0 ring mail
rPois    ∞         Reflect  +   g - +0 helmet
rElec    .         Harm     .   (no cloak)
rCorr    .         Rampage  .   h - +0 pair of gloves
Will     .....                  (no boots)
Stlth    +.........             d - amulet of reflection
HPRegen  0.18/turn              (no ring)
MPRegen  0.10/turn              (no ring)

@: about to teleport, corroded
A: cold resistance 1, negative energy resistance 3, torment resistance 2, heat
vulnerability 1, no potions
a: no special abilities


You were on level 5 of the Dungeon.
You visited 1 branch of the dungeon, and saw 5 of its levels.

You collected 147 gold pieces.
You spent 78 gold pieces at shops.

Inventory:

Hand Weapons
 a - a +0 hunting sling of venom
   (You found it on level 1 of the Dungeon)
 b - a +2 short sword of electrocution (weapon)
   (You took it off a kobold on level 3 of the Dungeon)
 p - a +0 mace
Missiles
 f - 182 stones (quivered)
Armour
 c - a +0 robe
 g - a +0 helmet (worn)
   (You found it on level 1 of the Dungeon)
 h - a +0 pair of gloves (worn)
   (You found it on level 2 of the Dungeon)
 o - a +0 ring mail (worn)
   (You found it on level 3 of the Dungeon)
Jewellery
 d - an amulet of reflection (around neck)
   (You found it on level 1 of the Dungeon)
Wands
 v - a wand of digging (5)
   (You found it on level 3 of the Dungeon)
 x - a wand of acid (5)
   (You found it on level 4 of the Dungeon)
Scrolls
 e - a scroll of fog {unknown}
 i - 6 scrolls of brand weapon
 j - 2 scrolls of noise {!r}
 k - 2 scrolls of enchant armour {unknown}
 m - a scroll of fear {unknown}
 n - a scroll of silence {unknown}
 q - a scroll of vulnerability {unknown}
 r - 2 scrolls of identify {unknown}
 s - a scroll of blinking {unknown}


   Skills:
 + Level 5.5 Fighting
 + Level 2.8 Short Blades
 - Level 3.2 Maces & Flails
 * Level 4.4 Slings
 - Level 2.4 Dodging
 - Level 1.5 Stealth


You had 6 spell levels left.
You didn't know any spells.
Your spell library contained the following spells:

 Spells                   Type           Power      Damage    Failure   Level
 Sandblast                Erth           0%         2d4       58%         1
 Summon Small Mammal      Summ           0%         N/A       58%         1
 Passwall                 Tmut/Erth      0%         N/A       75%         2
 Call Canine Familiar     Summ           0%         N/A       92%         3
 Dazzling Flash           Conj/Hex       0%         N/A       92%         3
 Summon Guardian Golem    Hex/Summ       0%         N/A       92%         3
 Agony                    Necr           0%         N/A       100%        5
 Lee's Rapid Deconstruct  Erth           0%         3d5*      100%        5
 Silence                  Hex/Air        0%         N/A       100%        5


Dungeon Overview and Level Annotations

Branches:
Dungeon (5/15)
 Temple: D:4-7

Altars:
Ashenzari
Fedhas
Wu Jian

Shops:
D:1 (   D:4 !*!(

Annotations:
D:3 Grinder


Innate Abilities, Weirdness & Mutations

You are immune to poison.
Your flesh is cold resistant. (rC+)
You are immune to negative energy. (rN+++)
You are immune to unholy pain and torment.
You are vulnerable to heat. (rF-)
You do not drink.


Message History

The bullfrog skeleton hits you but does no damage.
You barely miss the bullfrog skeleton.
The bullfrog skeleton hits you but does no damage.
You hit the bullfrog skeleton.
Lightning courses through the bullfrog skeleton!
The bullfrog skeleton hits you but does no damage.
The bullfrog skeleton barely misses you.
You barely miss the bullfrog skeleton.
You block the bullfrog skeleton's attack.
You barely miss the bullfrog skeleton.
You hear a distant slurping noise.
The door mysteriously vanishes.
A jelly comes into view.
A hound comes into view.
The bullfrog skeleton closely misses you.
The hound barks!
You hit the bullfrog skeleton.
You destroy the bullfrog skeleton!
You hit the jelly.
Your hands burn!
The jelly barely misses you.
You hit the jelly. The acid corrodes you!
Your hands burn!
The jelly hits you.
You are splashed with acid!
The hound bites you.
You hit the jelly. Lightning courses through the jelly!
Your hands burn!
The jelly hits you. The acid corrodes you!
You are splashed with acid!
* * * LOW HITPOINT WARNING * * *
The hound bites you.
* * * LOW HITPOINT WARNING * * *
You are too injured to fight recklessly!
The hound completely misses you. The hound bites you but does no damage.
The hound bites you.
* * * LOW HITPOINT WARNING * * *
A hound comes into view.
The hound bites you but does no damage.
The hound moves out of view.
The hound misses you.
The hound barks!
You hit the jelly but do no damage. The acid corrodes you!
Your hands burn!
* * * LOW HITPOINT WARNING * * *
The jelly completely misses you. The hound bites you.
* * * LOW HITPOINT WARNING * * *
As you read the scroll of teleportation {@r4}, it crumbles to dust.
You feel strangely unstable.
The hound stops to sniff the ground.
The hound bites you.
* * * LOW HITPOINT WARNING * * *
The hound bites you.
* * * LOW HITPOINT WARNING * * *
The hound bites you.
* * * LOW HITPOINT WARNING * * *
The hound bites you.
You die...

#....#...#...###...#
#....#.......# #...#
#...........†###...###
#.......#......###...#
#.#.....###....# #...# ##
#.#.....###....###...# ...
#.#.......##.........#
...##.#..h....##...........
.....>..Jh@....+......#....
........###...##......#....
........# #...####..###....
........######...##.# ....
........†............ ....
.#.#................. .###
...#...........##... .#
#................
....((.((..........


You could see 2 hounds and a jelly.

Vanquished Creatures
  A water moccasin (D:5)
  2 sky beasts
  A centaur (D:3)
  A scorpion (D:5)
  A bullfrog zombie (D:5)
  A bullfrog skeleton (D:5)
  Natasha (twice) (D:3)
  An iguana (D:4)
  Terence (D:3)
  Robin (D:3)
  8 adders
  An ufetubus (D:3)
  2 adder skeletons (D:4)
  4 worms
  3 dart slugs
  12 orcs
  6 endoplasms
  3 giant cockroaches
  17 goblins
  10 hobgoblins
  13 jackals
  3 quokkas
  8 ball pythons
  3 bats
  4 frilled lizards
  9 kobolds
  4 rats
122 creatures vanquished.

Notes
Turn   | Place    | Note
-------+----------+-------------------------------------------
     0 | D:1      | Lochraine the Mummy Monk began the quest for the Orb.
     0 | D:1      | Reached XP level 1. HP: 18/18 MP: 1/1
   689 | D:1      | Found a faded altar of an unknown god.
   878 | D:1      | Found Ynkyb's Weapon Shop.
  1057 | D:2      | Reached XP level 2. HP: 24/24 MP: 2/2
  1510 | D:2      | Reached XP level 3. HP: 17/30 MP: 3/3
  2522 | D:3      | Noticed Natasha
  2572 | D:3      | Noticed Robin
  2996 | D:3      | Killed Natasha
  2997 | D:3      | Reached skill level 4 in Fighting
  2997 | D:3      | Reached skill level 1 in Slings
  2997 | D:3      | Reached XP level 4. HP: 35/37 MP: 4/4
  3221 | D:3      | Noticed a centaur
  3224 | D:3      | Noticed Terence
  3241 | D:3      | Killed a centaur
  3242 | D:3      | Reached XP level 5. HP: 36/43 MP: 5/5
  3307 | D:3      | Killed Terence
  3308 | D:3      | Reached skill level 1 in Short Blades
  3391 | D:3      | Noticed Grinder
  3551 | D:3      | Noticed Natasha
  3556 | D:3      | Killed Natasha
  3759 | D:3      | Killed Robin
  3773 | D:3      | Reached XP level 6. HP: 47/49 MP: 6/6
  4007 | D:3      | Noticed a sky beast
  4023 | D:3      | Killed a sky beast
  4275 | D:4      | Found Ikugoepn's Weapon Shoppe.
  4285 | D:4      | Found Vijyump's Assorted Antiques.
  4292 | D:4      | Reached skill level 5 in Fighting
  4305 | D:4      | Found a broken altar of Ashenzari.
  4334 | D:4      | Bought a scroll labelled RUIRGH XAMMIUR for 26 gold pieces
  4334 | D:4      | Bought a scroll labelled FOYRUU LAEVYT for 26 gold pieces
  4334 | D:4      | Bought a scroll labelled VURUTALEHU for 26 gold pieces
  4366 | D:4      | Found Zugaom's Distillery.
  4568 | D:4      | Found Ganecwipn's Distillery.
  4664 | D:4      | Found an ornate altar of the Wu Jian Council.
  5016 | D:5      | Entered Level 5 of the Dungeon
  5049 | D:5      | Noticed a water moccasin
  5066 | D:5      | Killed a water moccasin
  5067 | D:5      | Reached XP level 7. HP: 41/56 MP: 7/7
  5207 | D:5      | Found a blossoming altar of Fedhas.
  5270 | D:5      | HP: 1/56 [hound (5)]
  5270 | D:5      | Slain by a hound

Illustrated notes

Levels and vault maps discovered:
D:1:      dpeg_arrival_connections, layout_basic, basic_ecumenical_altar,
          serial_shops, shop
D:2:      layout_basic, hangedman_decor_diamond_cutter
D:3:      minmay_bubble_buster, layout_basic, minmay_misc_feat_diagonals,
          minmay_fractal_squares_diagonal_5, uniq_robin, uniq_terence,
          uniq_grinder, uniq_natasha
D:4:      layout_loops_cross, cheibrodos_ashenzari_chains,
          nzn_wu_jian_contemplation, serial_shops, shop,
          nicolae_take_the_stairs, nicolae_shop_behind_doors, shop
D:5:      layout_basic, general_overflow_altar, overflow_temple_1_default

Skill      XL: |  1  2  3  4  5  6  7 |
---------------+----------------------+-----
Maces & Flails | 3 |  3.2
Fighting       | 4 5 |  5.5
Slings         | 1 2 3 4 |  4.4
Short Blades   | 1 2 |  2.8
Dodging        | |  2.4
Stealth        | |  1.5

Action                   |  1- 3 |  4- 6 |  7- 9 || total
-------------------------+-------+-------+-------++-------
Melee: Mace              |    51 |     3 |       ||    54
       Short sword       |       |   153 |    22 ||   175
 Fire: Hunting sling     |    77 |    82 |    15 ||   174
  Use: Scroll            |     1 |     2 |     1 ||     4
 Stab: Sleeping          |     1 |       |       ||     1
Armor: Robe              |    11 |       |       ||    11
       Ring mail         |     1 |    55 |    10 ||    66
Dodge: Dodged            |    39 |    71 |    11 ||   121
Block: Other             |    18 |    48 |     2 ||    68
